 Dungeon Crawl Stone Soup version 0.25.1-2-g60ff931df9 (webtiles) character file.

Game seed: 9292376032949322657

46937 Curus the Fighter (level 14, -4/133 HPs)
             Began as a Minotaur Fighter on Oct 20, 2020.
             Was a High Priest of Okawaru.
             Splashed by an oklob plant's acid (13 damage)
             ... on level 4 of the Lair of Beasts.
             The game lasted 01:49:34 (22238 turns).

Curus the Fighter (Minotaur Fighter)               Turns: 22238, Time: 01:49:35

Health: -4/133     AC: 14    Str: 20    XL:     14   Next: 6%
Magic:  18/18      EV:  6    Int: 10    God:    Okawaru [*****.]
Gold:   1497       SH: 12    Dex: 20    Spells: 13/13 levels left

rFire    + + .     SeeInvis .   a - +3 trident (drain)
rCold    . . .     Gourm    .   c - +0 kite shield
rNeg     + + .     Faith    .   E - +0 plate armour {rF+}
rPois    +         Spirit   .   R - +2 hat of Curus's Duty {rN+}
rElec    .         Reflect  .   x - +2 cloak
rCorr    .         Harm     .   J - +1 pair of gloves
MR       +....                  j - +0 pair of boots {Stlth+}
Stlth    ..........             (no amulet)
HPRegen  0.32/turn              v - ring "Ikkura" {rPois rN+ Int+3 Dex+6}
MPRegen  0.16/turn              t - ring of protection from fire

@: corroded
A: retaliatory headbutt, horns 2
a: Heroism, Finesse, Renounce Religion


You were on level 4 of the Lair of Beasts.
You worshipped Okawaru.
Okawaru was extremely pleased with you.
You were not hungry.

You visited 3 branches of the dungeon, and saw 16 of its levels.
You also visited: Ossuary.

You collected 1578 gold pieces.
You spent 81 gold pieces at shops.

Inventory:

Hand Weapons
 a - a +3 trident of draining (weapon)
Armour
 b - a +0 scale mail
 c - a +0 kite shield (worn)
 e - a +0 chain mail
 j - a +0 pair of boots of stealth (worn)
 p - a +0 cloak
 w - a +0 pair of gloves
 x - a +2 cloak (worn)
 B - a +0 plate armour
 E - a +0 plate armour of fire resistance (worn)
 H - a +4 scale mail of fire resistance
 J - a +1 pair of gloves (worn)
 R - the +2 hat of Curus's Duty (worn) {rN+}
   (Okawaru gifted it to you on level 6 of the Lair of Beasts)

   It protects you from negative energy.
Jewellery
 o - an uncursed ring of poison resistance
 t - a ring of protection from fire (right hand)
 v - the ring "Ikkura" (left hand) {rPois rN+ Int+3 Dex+6}
   (You acquired it on level 9 of the Dungeon)

   [ring of dexterity]

   It affects your intelligence (+3).
   It affects your dexterity (+6).
   It protects you from poison.
   It protects you from negative energy.
 A - an uncursed ring of stealth
 F - an uncursed amulet of inaccuracy
 M - an uncursed ring of teleportation
Wands
 s - a wand of disintegration (14)
 u - a wand of enslavement (8)
 y - a wand of flame (46)
 C - a wand of polymorph (2)
 P - a wand of clouds (6)
Scrolls
 h - 14 scrolls of identify
 k - 7 scrolls of remove curse
 m - 6 scrolls of fear
 q - 8 scrolls of teleportation
 r - a scroll of magic mapping
 z - 3 scrolls of fog
 D - 2 scrolls of blinking
 G - a scroll of amnesia
 I - a scroll of brand weapon
 L - a scroll of acquirement
 T - a scroll of enchant weapon
Potions
 d - a potion of berserk rage
 g - 4 potions of brilliance
 i - 3 potions of curing
 l - 3 potions of stabbing
 n - 2 potions of degeneration
 K - a potion of resistance
 N - a potion of invisibility
 O - a potion of flight
 Q - a potion of ambrosia
Miscellaneous
 S - 2 boxes of beasts
 U - a phial of floods
Comestibles
 f - 18 rations


   Skills:
 + Level 14.5 Fighting
 - Level 14.0 Polearms
 + Level 14.5 Armour
 - Level 10.0 Shields
 - Level 7.4 Invocations
 - Level 7.0 Evocations


You had 13 spell levels left.
You didn't know any spells.
Your spell library contained the following spells:

 Spells                   Type           Power        Failure   Level  Hunger
 Animate Skeleton         Necr           N/A          100%        1    ##.....
 Apportation              Tloc           #.....       100%        1    ##.....
 Corona                   Hex            #......      100%        1    ##.....
 Summon Butterflies       Summ           #.......     100%        1    ##.....
 Summon Small Mammal      Summ           #...         100%        1    ##.....
 Call Canine Familiar     Summ           #.......     100%        3    ####...
 Summon Ice Beast         Ice/Summ       #.......     100%        4    #####..
 Summon Mana Viper        Hex/Summ       #.......     100%        5    ######.
 Summon Hydra             Summ           #.........   100%        7    #######


Dungeon Overview and Level Annotations

Branches:
Dungeon (9/15)             Temple (1/1) D:7            Lair (6/6) D:9
 Shoals (0/4) Lair:3        Snake (0/4) Lair:4        Slime (0/5) Lair:5
    Orc (0/2) D:9         Ossuary (visited)

Altars:
Ashenzari
Cheibriados
Dithmenos
Fedhas
Gozag
Hepliaklqana
Nemelex Xobeh
Okawaru
Qazlal
Ru
Sif Muna
Wu Jian
Yredelemnul
The Shining One

Shops:
D:7 %   D:8 *   D:9 ((*

Annotations:
D:5 1 runed translucent door
Lair:2 exclusion: oklob plant
Lair:4 exclusion: 3 oklob plants


Innate Abilities, Weirdness & Mutations

You reflexively headbutt those who attack you in melee.
You have a pair of horns on your head.


Message History

You are splashed with acid!
Attack whom?
Press: ? - help, Dir - move target cursor, f/p - oklob plant
Aim: an oklob plant (severely damaged)
You reach to attack!
You hit the oklob plant.
The oklob plant is severely damaged.
The oklob plant spits acid at you. The splash of acid hits you!
* * * LOW HITPOINT WARNING * * *
You are splashed with acid!
* * * LOW HITPOINT WARNING * * *
The oklob plant spits acid at you. The splash of acid hits you.
* * * LOW HITPOINT WARNING * * *
The acid corrodes you!
You are splashed with acid!
* * * LOW HITPOINT WARNING * * *
The oklob plant spits acid at you.
The splash of acid hits you but does no damage.
The acid corrodes you!
You are splashed with acid!
You die...

.##.....'....##....#
.#......#....##...P#
.........#...P#...##
..#.<....##..##.#######
P.......#..#.#...?..P.#
.................!.|.P#
....<...........P)$..(#
..................$P=.#
........##..##..@..!..#
##....>.###.....#######
.##.............).##
.........P.....#.>P#
.#......P#....P#..##
.##............#..#
.P#.....##...PP#..##
..P.....##....##...#
.P.......##.#.#....#


You could see 3 oklob plants.

Vanquished Creatures
  Nessos (Lair:6)
  A fire dragon (Lair:6)
  6 hydras
  2 catoblepae (Lair:6)
  3 death yaks (Lair:6)
  Erica (D:8)
  A swamp dragon (Lair:6)
  Pikel (D:5)
  A necromancer (Lair:2)
  An oklob plant (Lair:4)
  3 manticores
  5 elephants
  7 black mambas
  Psyche (D:9)
  14 spiny frogs
  A torpor snail (Lair:6)
  4 rime drakes
  7 komodo dragons
  Prince Ribbit (D:8)
  7 dream sheep (Lair:6)
  7 blink frogs
  9 hippogriffs
  A spriggan (Lair:3)
  A vampire (D:9)
  5 wyverns
  3 basilisks
  Grum (D:8)
  57 yaks
  A hungry ghost (D:6)
  3 steam dragons (Lair:6)
  The ghost of Acheron the Chopper, an amateur GrGl of Okawaru (D:5)
  3 acid dragons (Lair:6)
  3 water moccasins
  6 porcupines
  2 ice beasts
  2 sky beasts
  3 black bears
  3 phantoms
  4 centaurs
  12 wolves
  6 ogres
  10 crocodiles
  A big kobold (D:7)
  3 elf zombies
  6 bullfrogs
  2 elf skeletons (D:4)
  2 scorpions
  10 killer bees (D:7)
  8 electric eels
  2 howler monkeys (D:4)
  3 crimson imps
  2 centaur zombies (Ossuary)
  A bullfrog skeleton (D:7)
  2 bullfrog zombies
  5 hounds
  A quasit (D:6)
  13 jellies
  A human zombie (Ossuary)
  An orc priest (D:6)
  Crazy Yiuf (D:5)
  3 iguanas
  A human skeleton (D:4)
  Ijyb (D:5)
  6 orc wizards
  7 worker ants
  2 yak simulacra (Lair:2)
  6 hell rats (Lair:4)
  2 polar bear simulacra (Lair:2)
  4 wolf simulacra (Lair:2)
  2 big kobold zombies (Ossuary)
  A hound zombie (D:9)
  A hound skeleton (D:6)
  2 mummies (Ossuary)
  A river rat (D:5)
  13 adders
  3 gnolls (D:2)
  3 shadow imps
  6 oozes
  An adder skeleton (D:6)
  3 worms (D:2)
  2 dart slugs (D:3)
  7 leopard geckos
  16 orcs
  2 ball pythons (D:3)
  8 giant cockroaches
  7 goblins
  7 hobgoblins
  9 jackals
  3 quokkas
  13 bats
  6 frilled lizards
  A goblin zombie (Ossuary)
  12 hobgoblin zombies (Ossuary)
  A jackal skeleton (D:4)
  12 kobolds
  13 kobold zombies (Ossuary)
  5 orc zombies
  10 rats
  A rat zombie (Ossuary)
  3 river rat simulacra (Lair:2)
  A plant (Lair:4)
482 creatures vanquished.

Vanquished Creatures (others)
  15 fungi
  42 plants
57 creatures vanquished.

Grand Total: 539 creatures vanquished

Notes
Turn   | Place    | Note
-------+----------+-------------------------------------------
     0 | D:1      | Curus the Minotaur Fighter began the quest for the Orb.
     0 | D:1      | Reached XP level 1. HP: 19/19 MP: 0/0
   131 | D:1      | Reached XP level 2. HP: 26/26 MP: 1/1
   884 | D:2      | Reached XP level 3. HP: 31/31 MP: 2/2
   906 | D:2      | Reached skill level 5 in Polearms
   912 | D:2      | Reached XP level 4. HP: 16/39 MP: 3/3
  1861 | D:2      | Found a blossoming altar of Fedhas.
  1881 | D:2      | Reached XP level 5. HP: 45/45 MP: 4/4
  2733 | D:3      | Found an opulent altar of Gozag.
  2976 | D:4      | Reached XP level 6. HP: 37/51 MP: 5/5
  3040 | D:4      | Noticed an ice beast
  3053 | D:4      | Killed an ice beast
  3079 | D:4      | Found a sand-covered staircase.
  3086 | D:4      | Reached XP level 7. HP: 38/57 MP: 6/6
  3090 | Ossuary  | Entered an ossuary
  3366 | Ossuary  | Reached skill level 10 in Polearms
  3789 | D:4      | Reached XP level 8. HP: 41/64 MP: 7/7
  4299 | D:5      | Entered Level 5 of the Dungeon
  4342 | D:5      | Found a runed translucent door.
  4348 | D:5      | Noticed Acheron's ghost (amateur GrGl)
  4551 | D:5      | Noticed Pikel
  4566 | D:5      | Killed Pikel
  4848 | D:5      | Noticed Ijyb
  4870 | D:5      | Killed Ijyb
  5042 | D:5      | Found a runed translucent door.
  5238 | D:5      | Found a runed translucent door.
  5239 | D:5      | Noticed Crazy Yiuf
  5327 | D:5      | Killed Crazy Yiuf
  5351 | D:6      | Reached XP level 9. HP: 70/70 MP: 8/8
  5666 | D:5      | Killed Acheron's ghost
  6390 | D:6      | Reached skill level 5 in Fighting
  6390 | D:6      | Reached skill level 5 in Armour
  6651 | D:7      | Found Rismi's Food Shoppe.
  7097 | D:7      | Found a staircase to the Ecumenical Temple.
  7122 | Temple   | Entered the Ecumenical Temple
  7235 | Temple   | Became a worshipper of Warmaster Okawaru
  7352 | D:7      | Reached XP level 10. HP: 71/86 MP: 9/9
  8084 | D:8      | Noticed Grum
  8119 | D:8      | Killed Grum
  8621 | D:8      | Noticed Prince Ribbit
  8796 | D:8      | Found Sath's General Store.
  8799 | D:8      | Noticed Erica
  8826 | D:8      | Killed Erica
  8826 | D:8      | Reached * piety under Okawaru
  8879 | D:8      | Bought a scroll of teleportation for 36 gold pieces
  9139 | D:8      | Killed Prince Ribbit
  9213 | D:9      | Identified a scroll of acquirement
  9213 | D:9      | Acquired the ring "Ikkura" {rPois rN+ Int+3 Dex+6}
  9323 | D:9      | Reached ** piety under Okawaru
  9330 | D:9      | Reached skill level 10 in Fighting
  9330 | D:9      | Reached skill level 10 in Armour
  9514 | D:9      | Found Qor Fyaw's Weapon Shoppe.
  9515 | D:9      | Found Kajor's Antique Weapon Shop.
  9763 | D:9      | Noticed Psyche
  9768 | D:9      | Killed Psyche
  9799 | D:9      | Found Qetrapp's General Store.
  9802 | D:9      | Bought a scroll of teleportation for 45 gold pieces
  9804 | D:9      | Found a staircase to the Orcish Mines.
  9845 | D:9      | Found a staircase to the Lair.
  9853 | Lair:1   | Entered Level 1 of the Lair of Beasts
 10235 | Lair:1   | Reached skill level 1 in Invocations
 10241 | Lair:1   | Reached skill level 1 in Evocations
 10263 | Lair:1   | Reached *** piety under Okawaru
 10266 | Lair:1   | Reached XP level 11. HP: 49/101 MP: 7/11
 11857 | Lair:2   | Reached skill level 5 in Shields
 12287 | Lair:2   | Reached **** piety under Okawaru
 12729 | Lair:2   | Noticed an oklob plant
 13197 | Lair:2   | Noticed a necromancer
 13210 | Lair:2   | Killed a necromancer
 13512 | Lair:3   | Reached ***** piety under Okawaru
 13512 | Lair:3   | Reached skill level 5 in Invocations
 13818 | Lair:3   | Received a gift from Okawaru
 13873 | Lair:3   | Reached skill level 5 in Evocations
 13944 | Lair:3   | Found a staircase to the Shoals.
 14073 | Lair:3   | Reached XP level 12. HP: 102/107 MP: 15/15
 15119 | Lair:4   | Found a staircase to the Snake Pit.
 16083 | Lair:4   | Reached skill level 10 in Shields
 16153 | Lair:4   | Found the +8 whip "Snakebite" {curare, rPois}
 16459 | Lair:5   | Received a gift from Okawaru
 16648 | Lair:5   | Found a staircase to the Slime Pits.
 16887 | Lair:5   | You fall into a shaft and drop 1 floor!
 16887 | Lair:6   | Entered Level 6 of the Lair of Beasts
 16888 | Lair:6   | Noticed a fire dragon
 16923 | Lair:6   | Killed a fire dragon
 17598 | Lair:6   | Noticed a catoblepas
 17623 | Lair:6   | Reached XP level 13. HP: 100/117 MP: 17/17
 17749 | Lair:6   | Received a gift from Okawaru
 17750 | Lair:6   | Got a faintly humming hat {god gift}
 17756 | Lair:6   | Identified the +2 hat of Curus's Duty {rN+} (Okawaru gifted
                  | it to you on level 6 of the Lair of Beasts)
 18553 | Lair:6   | Noticed Nessos
 18581 | Lair:6   | Killed Nessos
 19583 | Lair:6   | Received a gift from Okawaru
 20112 | Lair:6   | Reached XP level 14. HP: 41/133 MP: 15/18
 22238 | Lair:4   | Splashed by an oklob plant's acid

Illustrated notes

Levels and vault maps discovered:
D:1:      lightli_arrival_isolated_outpost, layout_basic, minmay_heptomino_l4
D:2:      layout_basic, fedhas_altar_1
D:3:      layout_basic, grunt_gozag_statues, first_ration, feat_on_display
D:4:      layout_rooms, nicolae_ossuary_entry_catacombs
D:5:      layout_gridville, ebering_ghost_sewer_f, dk_noncrumbling_4,
          uniq_pikel, uniq_crazy_yiuf_cottage, uniq_ijyb
D:6:      layout_rooms
D:7:      cheibrodos_helix_gallery, layout_cave_pools,
          minmay_temple_entry_slanted, serial_shops, nicolae_shop_trees
D:8:      layout_basic, serial_shops, kennysheep_mini, uniq_grum,
          uniq_prince_ribbit1, uniq_erica
D:9:      minmay_twisted_water, layout_basic, lair_entry_dummy, orc_0_dummy,
          serial_shops, shop, nicolae_shop_behind_doors, shop, shop, uniq_psyche
Temple:   kilobyte_greek_temple
Lair:1:   layout_long_grid, serial_bayou_shore_b, lemuel_fruit_fields,
          serial_bayou_shore_a, infiniplex_staircase_pool
Lair:2:   layout_chaotic_city, eino_house_with_fridge, grunt_megastairs_5
Lair:3:   layout_small_grid, minmay_shoals_entry_beasts,
          grunt_forest_large_clearing_hut
Lair:4:   layout_regular_city, dummy_snake_entry, minmay_lair_oklob_chamber
Lair:5:   layout_roguey, minmay_slime_entry_jelly_boxes
Lair:6:   guppyfry_lair_end_dragon, layout_regular_city,
          hangedman_lair_in_review, chequers_serial_rivers_marsh,
          serial_bayou_lake_a, lemuel_fruit_tree, uniq_nessos

Skill      XL: |  1  2  3  4  5  6  7  8  9 10 11 12 13 |
---------------+----------------------------------------+-----
Polearms       | 3 4 5 6 7 9 11 13 14 | 14.0
Fighting       | 7 10 11 14 | 14.5
Armour         | 7 10 11 14 | 14.5
Invocations    | 1 6 7 |  7.4
Shields        | 4 8 10 | 10.0
Evocations     | 1 5 7 |  7.0

Action                   |  1- 3 |  4- 6 |  7- 9 | 10-12 | 13-15 || total
-------------------------+-------+-------+-------+-------+-------++-------
Melee: Trident           |    87 |   206 |   520 |   910 |   427 ||  2150
       Headbutt          |    12 |    27 |   104 |   214 |   154 ||   511
Invok: Heroism           |       |       |       |     5 |     3 ||     8
       Finesse           |       |       |       |     1 |       ||     1
Evoke: Wand              |       |       |       |     3 |     3 ||     6
  Use: Scroll            |     4 |     6 |     2 |     7 |     1 ||    20
       Potion            |     2 |     4 |     6 |    10 |     1 ||    23
 Stab: Petrified         |       |       |       |     4 |     2 ||     6
       Distracted        |       |       |       |     2 |       ||     2
  Eat: Chunk             |       |     7 |     6 |    22 |     9 ||    44
       Ration            |       |       |     4 |     3 |     2 ||     9
Armor: Chain mail        |    22 |    78 |   197 |   123 |       ||   420
       Scale mail        |     1 |       |       |       |       ||     1
       Plate armour      |       |       |       |   280 |   259 ||   539
Dodge: Dodged            |    11 |    23 |    81 |   126 |    94 ||   335
Block: Kite shield       |    32 |    61 |   182 |   351 |   246 ||   872
